3A
GRAND FORKS CATERPILLARS @ YORK REVOLUTION
09/02/2026
 
TOP OF THE 1ST
Grand Forks Caterpillars batting - Pitching for York Revolution : RHP Joel Farrell
Pitching: RHP Joel Farrell
Batting: RHB Owen Cannon 0-0: Ball
1-0: Ball
2-0: Called Strike
2-1: Ball
3-1: Base on Balls
Batting: RHB Joel Burrell 0-0: Ball
1-0: Swinging Strike
1-1: Ball
2-1: Foul Ball, location: 2F
2-2: Ball
Owen Cannon steals 2nd base
3-2: Strikes out looking
Batting: LHB Alberto Garza 0-0: Called Strike
Owen Cannon steals 3rd base
0-1: Foul Ball, location: 2F
0-2: Fly out, F7 (Line Drive, 78M)
Runner from 3rd tags up, SCORES, no throw
Batting: RHB Jorge Noutel 0-0: Swinging Strike
0-1: Swinging Strike
0-2: Ball
1-2: Strikes out looking
Top of the 1st over - 1 run(s), 0 hit(s), 0 error(s), 0 left on base; Grand Forks 1 - York 0
BOTTOM OF THE 1ST
York Revolution batting - Pitching for Grand Forks Caterpillars : LHP Jim Unknown
Pitching: LHP Jim Unknown
Batting: RHB Francisco Rodríguez 0-0: Called Strike
0-1: Ground out 6-3 (Groundball, 6)
Batting: RHB Oscar Gandarilla 0-0: Foul Ball, location: 2F
0-1: Ball
1-1: Foul Ball, location: 2F
1-2: Ball
2-2: Strikes out looking
Batting: RHB Sherwood Lefebvre 0-0: Ball
1-0: Called Strike
1-1: Swinging Strike
1-2: Ground out 6-3 (Groundball, 6)
Bottom of the 1st over - 0 run(s), 0 hit(s), 0 error(s), 0 left on base; Grand Forks 1 - York 0
TOP OF THE 2ND
Grand Forks Caterpillars batting - Pitching for York Revolution : RHP Joel Farrell
Batting: LHB Augustus Driscoll 0-0: Foul Ball, location: 2F
0-1: Swinging Strike
0-2: Ground out 4-3 (Groundball, 4S)
Batting: SHB Leo Szilard 0-0: Ball
1-0: Called Strike
1-1: Foul Ball, location: 2F
1-2: Fly out, F4 (Popup, 4MD)
Batting: LHB Gary Malone 0-0: Ball
1-0: Ball
2-0: Called Strike
2-1: Ball
3-1: Base on Balls
Batting: SHB Kel Altagracia 0-0: Ball
1-0: Ball
2-0: Swinging Strike
2-1: Called Strike
2-2: Ball
3-2: Strikes out swinging
Top of the 2nd over - 0 run(s), 0 hit(s), 0 error(s), 1 left on base; Grand Forks 1 - York 0
BOTTOM OF THE 2ND
York Revolution batting - Pitching for Grand Forks Caterpillars : LHP Jim Unknown
Batting: SHB Mario Domondón 0-0: Foul Ball, location: 2F
0-1: Swinging Strike
0-2: Fly out, F7 (Flyball, 7S)
Batting: RHB Domingo Bravo 0-0: Called Strike
0-1: Fly out, F8 (Line Drive, 8RD)
Batting: RHB Obi Jones 0-0: Called Strike
0-1: Ball
1-1: Ball
2-1: Ball
3-1: Foul Ball, location: 2F
3-2: Base on Balls
Batting: RHB Jorge Durán 0-0: Swinging Strike
0-1: Swinging Strike
0-2: Ball
1-2: Foul Ball, location: 2F
1-2: Ball
2-2: Ball
3-2: Fly out, F8 (Flyball, 8RM)
Bottom of the 2nd over - 0 run(s), 0 hit(s), 0 error(s), 1 left on base; Grand Forks 1 - York 0
TOP OF THE 3RD
Grand Forks Caterpillars batting - Pitching for York Revolution : RHP Joel Farrell
Batting: LHB Michael Woodard 0-0: Called Strike
0-1: Ball
1-1: SINGLE (Groundball, 4D)
Batting: RHB Owen Cannon 0-0: Called Strike
0-1: Called Strike
0-2: Ball
1-2: Ball
2-2: Strikes out swinging
Batting: RHB Joel Burrell 0-0: Ball
1-0: Fly out, F5 (Popup, 5L)
Batting: LHB Alberto Garza 0-0: Foul Ball, location: 2F
0-1: Called Strike
0-2: SINGLE (Groundball, 34D)
Michael Woodard to second
Runner from 2nd tries for 3rd, SAFE, throw made to third
Batting: RHB Jorge Noutel 0-0: Ball
Alberto Garza steals 2nd base
1-0: Ball
2-0: Foul Ball, location: 2F
2-1: Foul Ball, location: 2F
2-2: Strikes out swinging
Top of the 3rd over - 0 run(s), 2 hit(s), 0 error(s), 2 left on base; Grand Forks 1 - York 0
BOTTOM OF THE 3RD
York Revolution batting - Pitching for Grand Forks Caterpillars : LHP Jim Unknown
Batting: SHB Gerardo Dueñas 0-0: Fly out, F7 (Flyball, 7S)
Batting: RHB Cristóbal Covarrubiois 0-0: Ball
1-0: Ball
2-0: Swinging Strike
2-1: Foul Ball, location: 2F
2-2: SINGLE (Groundball, 5D)
Batting: RHB Francisco Rodríguez 0-0: Called Strike
0-1: Called Strike
0-2: Ball
1-2: Ball
2-2: Ball
3-2: SINGLE (Groundball, 34S) (infield hit)
Cristóbal Covarrubiois to second
Batting: RHB Oscar Gandarilla 0-0: Ball
1-0: Foul Ball, location: 2F
1-1: Called Strike
1-2: SINGLE (Flyball, 7LS)
Cristóbal Covarrubiois to third
Francisco Rodríguez to second
Runner from 3rd tries for Home, SAFE, throw made home
Francisco Rodríguez to third
Oscar Gandarilla to second
Batting: RHB Sherwood Lefebvre 0-0: Swinging Strike
0-1: Reached on error, E8 (Flyball, 8LM)
Francisco Rodríguez scores
Oscar Gandarilla to third
Batting: SHB Mario Domondón 0-0: Called Strike
0-1: Ball
1-1: Ball
2-1: Called Strike
2-2: Foul Ball, location: 2F
2-2: Foul Ball, location: 2F
2-2: Strikes out swinging
Batting: RHB Domingo Bravo 0-0: Fielders Choice at 2nd, 6-4 (Groundball, 6)
Bottom of the 3rd over - 2 run(s), 3 hit(s), 1 error(s), 1 left on base; Grand Forks 1 - York 2
TOP OF THE 4TH
Grand Forks Caterpillars batting - Pitching for York Revolution : RHP Joel Farrell
Batting: LHB Augustus Driscoll 0-0: Ball
1-0: Fly out, F5 (Popup, 5L)
Batting: SHB Leo Szilard 0-0: Ball
1-0: TRIPLE (Flyball, 78D)
Batting: LHB Gary Malone 0-0: Foul Ball, location: 2F
0-1: Ball
1-1: SINGLE (Line Drive, 34D)
Leo Szilard scores
Batting: SHB Kel Altagracia 0-0: Ball
1-0: SINGLE (Flyball, 9LS)
Gary Malone to second
Runner from 2nd tries for 3rd, SAFE, throw made to third
Batting: LHB Michael Woodard 0-0: Ball
1-0: Fly out, F7 (Flyball, 7LD)
Runner from 3rd tags up, SCORES, no throw
Batting: RHB Owen Cannon 0-0: SINGLE (Groundball, 6MD)
Kel Altagracia to second
Batting: RHB Joel Burrell 0-0: Swinging Strike
0-1: Fly out, F9 (Flyball, 9LM)
Top of the 4th over - 2 run(s), 4 hit(s), 0 error(s), 2 left on base; Grand Forks 3 - York 2
BOTTOM OF THE 4TH
York Revolution batting - Pitching for Grand Forks Caterpillars : LHP Jim Unknown
Batting: RHB Obi Jones 0-0: Ball
1-0: Called Strike
1-1: Fly out, F5 (Popup, 5L)
Batting: RHB Jorge Durán 0-0: Called Strike
0-1: Fly out, F7 (Flyball, 78M)
Batting: SHB Gerardo Dueñas 0-0: Called Strike
0-1: Fly out, F8 (Flyball, 8LS)
Bottom of the 4th over - 0 run(s), 0 hit(s), 0 error(s), 0 left on base; Grand Forks 3 - York 2
TOP OF THE 5TH
Grand Forks Caterpillars batting - Pitching for York Revolution : RHP Joel Farrell
Batting: LHB Alberto Garza 0-0: SINGLE (Groundball, 6MD)
Batting: RHB Jorge Noutel 0-0: Ball
1-0: Called Strike
1-1: Foul Ball, location: 2F
1-2: Strikes out swinging
Batting: LHB Augustus Driscoll 0-0: Ball
1-0: Ball
2-0: Ball
Alberto Garza steals 2nd base
3-0: Intentional Walk
Batting: SHB Leo Szilard 0-0: Called Strike
0-1: Ball
1-1: SINGLE (Groundball, 6MD)
Alberto Garza to third
Augustus Driscoll to second
Runner from 3rd tries for Home, SAFE, no throw
Batting: LHB Gary Malone 0-0: Ball
1-0: Swinging Strike
1-1: Called Strike
1-2: Strikes out swinging
Batting: SHB Kel Altagracia 0-0: Ball
1-0: Foul Ball, location: 2F
1-1: Ball
2-1: Called Strike
2-2: Foul Ball, location: 2F
2-2: Foul Ball, location: 2F
2-2: Strikes out looking
Top of the 5th over - 1 run(s), 2 hit(s), 0 error(s), 2 left on base; Grand Forks 4 - York 2
BOTTOM OF THE 5TH
York Revolution batting - Pitching for Grand Forks Caterpillars : LHP Jim Unknown
Batting: RHB Cristóbal Covarrubiois 0-0: Called Strike
0-1: Ball
1-1: Foul Ball, location: 2F
1-2: SINGLE (Groundball, 6MD)
Batting: RHB Francisco Rodríguez 0-0: Sac Bunt - play at first, batter OUT! 1-3
Cristóbal Covarrubiois to second
Batting: RHB Oscar Gandarilla 0-0: Ball
1-0: Called Strike
1-1: SINGLE (Groundball, 6MD)
Cristóbal Covarrubiois to third
Batting: RHB Sherwood Lefebvre 0-0: Called Strike
0-1: Grounds into double play, 5-4-3 (Groundball, 5)
Bottom of the 5th over - 0 run(s), 2 hit(s), 0 error(s), 1 left on base; Grand Forks 4 - York 2
TOP OF THE 6TH
Grand Forks Caterpillars batting - Pitching for York Revolution : RHP Joel Farrell
Batting: LHB Michael Woodard 0-0: Ball
1-0: Ball
2-0: Ground out 4-3 (Groundball, 34D)
Batting: RHB Owen Cannon 0-0: Called Strike
0-1: Swinging Strike
0-2: Strikes out swinging
Batting: RHB Joel Burrell 0-0: Fly out, F9 (Flyball, 9)
Top of the 6th over - 0 run(s), 0 hit(s), 0 error(s), 0 left on base; Grand Forks 4 - York 2
BOTTOM OF THE 6TH
York Revolution batting - Pitching for Grand Forks Caterpillars : LHP Jim Unknown
Batting: SHB Mario Domondón 0-0: Ball
1-0: Foul Ball, location: 2F
1-1: Foul Ball, location: 2F
1-2: Foul Ball, location: 2F
1-2: Foul Ball, location: 2F
1-2: Strikes out looking
Batting: RHB Domingo Bravo 0-0: Ball
1-0: Swinging Strike
1-1: Ball
2-1: Called Strike
2-2: Strikes out swinging, 2-3 out at first.
Batting: RHB Obi Jones 0-0: Reached on error, E5 (Groundball, 5S)
Batting: RHB Jorge Durán 0-0: Called Strike
0-1: Fielders Choice at 2nd, 5-4 (Groundball, 56)
Bottom of the 6th over - 0 run(s), 0 hit(s), 1 error(s), 0 left on base; Grand Forks 4 - York 2
TOP OF THE 7TH
Grand Forks Caterpillars batting - Pitching for York Revolution : RHP Joel Farrell
Batting: LHB Alberto Garza 0-0: Called Strike
0-1: Fly out, F1 (Line Drive, 13)
Batting: RHB Jorge Noutel 0-0: SINGLE (Line Drive, 6MD)
Batting: LHB Augustus Driscoll 0-0: Fly out, F8 (Flyball, 8RM)
Batting: SHB Leo Szilard 0-0: Ball
Jorge Noutel is caught stealing 2nd base
Top of the 7th over - 0 run(s), 1 hit(s), 0 error(s), 0 left on base; Grand Forks 4 - York 2
BOTTOM OF THE 7TH
York Revolution batting - Pitching for Grand Forks Caterpillars : LHP Jim Unknown
Batting: SHB Gerardo Dueñas 0-0: Ball
1-0: Called Strike
1-1: Ball
2-1: Foul Ball, location: 2F
2-2: Strikes out swinging
Batting: RHB Cristóbal Covarrubiois 0-0: Ball
1-0: Called Strike
1-1: Swinging Strike
1-2: Strikes out looking
Batting: RHB Francisco Rodríguez 0-0: Ball
1-0: Ball
2-0: Called Strike
2-1: Fly out, F8 (Flyball, 8LM)
Bottom of the 7th over - 0 run(s), 0 hit(s), 0 error(s), 0 left on base; Grand Forks 4 - York 2
TOP OF THE 8TH
Grand Forks Caterpillars batting - Pitching for York Revolution : RHP Joel Farrell
Batting: SHB Leo Szilard 0-0: Called Strike
0-1: Called Strike
0-2: Foul Ball, location: 2F
0-2: Fly out, F7 (Flyball, 7S)
Batting: LHB Gary Malone 0-0: Foul Ball, location: 2F
0-1: Swinging Strike
0-2: Foul Ball, location: 2F
0-2: Foul Ball, location: 2F
0-2: SOLO HOME RUN (Flyball, 9D), Distance : 406 ft
Batting: SHB Kel Altagracia 0-0: Called Strike
0-1: Ball
1-1: Ball
2-1: Foul Ball, location: 2F
2-2: Ball
3-2: Foul Ball, location: 2F
3-2: Foul Ball, location: 2F
3-2: Base on Balls
Pitching: LHP Xavier Medina
Batting: LHB Michael Woodard 0-0: Fly out, F2 (Popup, 5S)
Batting: RHB Owen Cannon 0-0: Called Strike
0-1: Ball
1-1: Ball
2-1: Foul Ball, location: 2F
2-2: Strikes out looking
Top of the 8th over - 1 run(s), 1 hit(s), 0 error(s), 1 left on base; Grand Forks 5 - York 2
BOTTOM OF THE 8TH
York Revolution batting - Pitching for Grand Forks Caterpillars : LHP Jim Unknown
Batting: RHB Oscar Gandarilla 0-0: Called Strike
0-1: Fly out, F7 (Line Drive, 7)
Batting: RHB Sherwood Lefebvre 0-0: Called Strike
0-1: Ball
1-1: Fly out, F7 (Flyball, 7)
Batting: SHB Mario Domondón 0-0: Ball
1-0: Foul Ball, location: 2F
1-1: Called Strike
1-2: Ground out 6-3 (Groundball, 6M)
Bottom of the 8th over - 0 run(s), 0 hit(s), 0 error(s), 0 left on base; Grand Forks 5 - York 2
TOP OF THE 9TH
Grand Forks Caterpillars batting - Pitching for York Revolution : LHP Xavier Medina
Batting: RHB Joel Burrell 0-0: Foul Ball, location: 2F
0-1: Ball
1-1: Ball
2-1: Ball
3-1: SINGLE (Groundball, 34D)
Batting: LHB Alberto Garza 0-0: Ball
1-0: Called Strike
1-1: Ground out 6-3 (Groundball, 56)
Joel Burrell to second
Batting: RHB Jorge Noutel 0-0: Intentional Walk
Batting: LHB Augustus Driscoll 0-0: Foul Ball, location: 2F
0-1: Ball
1-1: Foul Ball, location: 2F
1-2: Ball
2-2: Strikes out swinging
Batting: SHB Leo Szilard 0-0: Called Strike
0-1: Ground out 1-3 (Groundball, 13S)
Top of the 9th over - 0 run(s), 1 hit(s), 0 error(s), 2 left on base; Grand Forks 5 - York 2
BOTTOM OF THE 9TH
York Revolution batting - Pitching for Grand Forks Caterpillars : LHP Jim Unknown
Pitching: LHP Jim Unknown
Batting: RHB Domingo Bravo 0-0: Ball
1-0: Ground out 5-3 (Groundball, 56S)
Batting: RHB Obi Jones 0-0: Ball
1-0: SINGLE (Groundball, 56D)
Batting: RHB Jorge Durán 0-0: Ball
1-0: Ball
2-0: Foul Ball, location: 2F
2-1: Swinging Strike
2-2: Ball
3-2: Grounds into double play, 6-4-3 (Groundball, 6)
Bottom of the 9th over - 0 run(s), 1 hit(s), 0 error(s), 0 left on base; Grand Forks 5 - York 2
Monday, March 20th, 2017 - OOTP Baseball 17.12 Build 75